 Dungeon Crawl Stone Soup version 0.17.2 (webtiles) character file.

16 Charly the Grave Robber (level 2, 0/20 HPs)
             Began as a Draconian Necromancer on July 16, 2016.
             Slain by a jackal (2 damage)
             ... on level 3 of the Dungeon.
             The game lasted 00:05:28 (340 turns).

Charly the Grave Robber (Draconian Necromancer)      Turns: 340, Time: 00:05:28

Health: 0/20       AC:  4    Str: 10    XL:     2   Next: 41%
Magic:  0/5        EV: 12    Int: 15    God:
Gold:   16         SH:  0    Dex: 11    Spells: 1 memorised, 4 levels left

rFire  . . .     SeeInvis .       - Unarmed
rCold  . . .     Clarity  .     (armour unavailable)
rNeg   . . .     SustAt   .     (no shield)
rPois  .         Gourm    .     (helmet restricted)
rElec  .         Spirit   .     (no cloak)
rCorr  .         Warding  .     (no gloves)
rMut   .         Stasis   .     (no boots)
MR     .....                    (no amulet)
Stlth  ++........               (no ring)
                                (no ring)

@: very slightly contaminated, not resistant to hostile enchantments, unstealthy
A: unfitting armour, cold-blooded, AC +4
a: no special abilities


You were on level 3 of the Dungeon.
You were full.

You visited 1 branch of the dungeon, and saw 4 of its levels.

You collected 16 gold pieces.

Inventory:

Potions
 d - a potion of ambrosia {unknown}
Books
 a - a book of Necromancy

   Spells                             Type                      Level
   a - Pain                           Necromancy                   1
   b - Animate Skeleton               Necromancy                   1
   c - Vampiric Draining              Necromancy                   3
   d - Regeneration                   Charms/Necromancy            3
   e - Animate Dead                   Necromancy                   4
   f - Control Undead                 Necromancy                   4
Miscellaneous
 c - a plain deck of wonders {drawn: 2}
Comestibles
 b - a bread ration


   Skills:
 - Level 1.7 Dodging
 - Level 1.7 Stealth
 + Level 2.1 Unarmed Combat
 - Level 2.0 Spellcasting
 - Level 4.0 Necromancy


You had 4 spell levels left.
You knew the following spells:

 Your Spells              Type           Power        Failure   Level  Hunger
p - Pain                  Necr           ##..         4%          1    #......


Dungeon Overview and Level Annotations

Branches:
Dungeon (4/15)
 Temple: D:4-7

Altars:
Nemelex Xobeh

Annotations:
D:3 exclusion: downstairs


Innate Abilities, Weirdness & Mutations

Your plain brown scales are hard (AC +4).
Your body does not fit into most forms of armour.
You are cold-blooded and may be slowed by cold attacks.


Message History

Aiming: Pain
Press: ? - help, Shift-Dir - straight line, f - jackal
Aim: a jackal (chance to defeat MR: 91%)
The jackal convulses in agony!
Casting: Pain
Confirm with . or Enter, or press ? or * to list all spells.
Aiming: Pain
Press: ? - help, Shift-Dir - straight line, f/p - jackal
Aim: a jackal (moderately wounded, chance to defeat MR: 91%)
You miscast Pain.
You are very lightly contaminated with residual magic.
Nothing appears to happen.
The jackal barely misses you.
Casting: Pain
Confirm with . or Enter, or press ? or * to list all spells.
Aiming: Pain
Press: ? - help, Shift-Dir - straight line, f/p - jackal
Aim: a jackal (moderately wounded, chance to defeat MR: 91%)
You miscast Pain.
Nothing appears to happen.
The jackal misses you. The jackal bites you.
You die...

#####.####.#
#............# #.######
#.......##.#.#
######.....#
#.#.....##.[.#
...†....####
#...........##
........#
##.#.#...#####
........# ..#.#...#
........# # #.#.##..#
.....<..# #.##.#h#.h.#
........# #....@.#...#
........#######.###..h#
...............## #...#
...............# #.#
...............#
##.............#
#.............#
###############


You could see a jackal.

Vanquished Creatures
  A goblin (D:3)
  2 kobolds
  A quokka (D:3)
  3 bats (D:3)
  A giant newt (D:3)
  5 jackals
  2 rats (D:3)
15 creatures vanquished.

Notes
Turn   | Place    | Note
--------------------------------------------------------------
     0 | D:1      | Charly the Draconian Necromancer began the quest for the Orb.
     0 | D:1      | Reached XP level 1. HP: 14/14 MP: 3/3
    27 | D:2      | Found a faded altar to an unknown god.
    40 | D:3      | Found a sparkling altar of Nemelex Xobeh.
    56 | D:3      | Reached skill level 1 in Unarmed Combat
   151 | D:2      | Reached XP level 2. HP: 11/20 MP: 1/5
   188 | D:4      | Noticed a killer bee
   188 | D:4      | Noticed a killer bee
   188 | D:4      | Noticed a killer bee
   189 | D:4      | Noticed a killer bee
   340 | D:3      | Slain by a jackal

Action                   || total
-------------------------++-------
Melee: Unarmed           ||    36
 Cast: Pain              ||    23
Evoke: Deck              ||     2
  Eat: Beef jerky        ||     2
